AoeStats
← Leão

Arabia

503685224Analyzed
1v1 RM · 1mo ago on Sep 1, 2026· 37m 10s· 2 players
Game mode
Random Map
Map size
Tiny (2 player)
Population
200
Speed
Normal
Resources
Standard
Victory
Conquest
Starting age
Dark Age
Ending age
Imperial Age
RankedLock teamsTeams togetherTeam positionsShared explorationLock speedFull tech treeHidden civsTurbo modeCheats
Victory
Defeat
🇧🇷 Magyars · Brazil
1249
+15
🇨🇭 Romans · Switzerland
1228
-15
Pitone90
8:19 Loom
11:07 Feudal Age
11:36 Double-Bit Axe
11:22 Man-at-Arms
21:16 Castle Age
22:53 Town Watch
24:30 Wheelbarrow
26:18 Fletching
28:46 Ballistics
32:23 Bloodlines
32:17 Husbandry
34:54 Bodkin Arrow
36:11 Padded Archer Armor
36:54 Gold Mining
Leão
6:24 Loom
9:24 Feudal Age
9:58 Double-Bit Axe
17:06 Fletching
22:17 Castle Age
21:39 Horse Collar
21:52 Gold Mining
22:14 Bloodlines
22:10 Scale Barding Armor
23:30 Bow Saw
24:01 Husbandry
27:14 Chain Barding Armor
29:05 Elite Skirmisher
29:52 Padded Archer Armor
30:33 Stone Mining
32:02 Wheelbarrow
32:21 Leather Archer Armor
34:09 Bodkin Arrow
36:51 Hand Cart
36:21 Town Watch
Connection lost

Rejoining the realm…

Still unreachable

The connection could not be restored.

Session expired

The server has moved on; the page needs a fresh start.